Workbook

Sheet Anexo III
A1: PRÓ-REITORIA DE ADMINISTRAÇÃO
A2: COORDENAÇÃO DE MATERIAIS
A3: ANEXO III - PLANILHA ESTIMATIVA DE DESCRIÇÃO E PREÇOS
A5: ITEM LICITAÇÃO | B5: DESCRIÇÃO/ ESPECIFICAÇÃO | C5: UNIDADE DE MEDIDA | D5: SUGESTÃO DE CATMAT | E5: INFORMAÇÕES ADICIONAIS | F5: QUANTIDADE UASG 150182 | G5: QUANTIDADE UASG 153010 | H5: QUANTIDADE UASG 762600 | I5: QUANTIDADE TOTAL | J5: VALOR UNITÁRIO | K5: VALOR TOTAL | L5: EXCLUSIVO ME/EPP | M5: MODO DE DISPUTA | N5: INTERVALO LANCES
A6: 1 | B6: Cabo emborrachado XLR-Macho e XLR-Fêmea - Comprimento de 05 metros; cabos balanceados com condutores de cobre estanhado 0,30mm, cobertura de PVC, blindagem trançada em cobre estanhado 80%, isolamento em polietileno e fio de algodão interno. | C6: Und. | D6: 319834 | E6: - | F6: 42 | G6: 92 | H6: 0 | I6: =SUM(F6:H6) -> 134 | J6: 85 | K6: =I6*J6 -> 11390 | L6: SIM | M6: Aberto | N6: =VLOOKUP(J6,Intervalos!$B$3:$C$8,2,TRUE) -> 0.1
A7: 2 | B7: Cabo P10 para XLR macho estéreo - Comprimento 10 metros: Cabo balanceado com cobre puro livre de oxigênio OFHC; Blindagem dupla (60% malha de cobre trançado + 100% fita de alumínio). Espessura do filamento interno: 0,30MM² (22AWG); Espessura externa: 6,20MM²; Capa emborrachada extra | C7: Und. | D7: 485478 | E7: - | F7: 88 | G7: 42 | H7: 3 | I7: =SUM(F7:H7) -> 133 | J7: 141.38 | K7: =I7*J7 -> 18803.54 | L7: SIM | M7: Aberto | N7: =VLOOKUP(J7,Intervalos!$B$3:$C$8,2,TRUE) -> 0,10%
A8: 3 | B8: Cabo P10 Para XLR Macho Preto Mono - Comprimento de 10m; Cabo balanceado com condutor e blindagem fabricado em cobre estanhado OFHC (isento de oxigênio); bitola 0,30mm²; Ø 6.0m; Acondicionado em embalagem lacrada. Plugues inclusos. | C8: Und. | D8: 464167 | E8: - | F8: 44 | G8: 36 | H8: 0 | I8: =SUM(F8:H8) -> 80 | J8: 141.38 | K8: =I8*J8 -> 11310.4 | L8: SIM | M8: Aberto | N8: =VLOOKUP(J8,Intervalos!$B$3:$C$8,2,TRUE) -> 0,10%
A9: 4 | B9: Cabo P10 Para XLR Macho Preto Mono - Comprimento de 15m; Cabo balanceado com condutor e blindagem fabricado em cobre estanhado OFHC (isento de oxigênio); bitola 0,30mm²; Ø 6.0m; Acondicionado em embalagem lacrada. Plugues inclusos. | C9: Und. | D9: 330919 | E9: - | F9: 82 | G9: 30 | H9: 0 | I9: =SUM(F9:H9) -> 112 | J9: 178 | K9: =I9*J9 -> 19936 | L9: SIM | M9: Aberto | N9: =VLOOKUP(J9,Intervalos!$B$3:$C$8,2,TRUE) -> 0,10%
A10: 5 | B10: CABO P10 PARA XLR MACHO PRETO MONO - Comprimento de 5m; Cabo balanceado com condutor e blindagem fabricado em cobre estanhado OFHC (isento de oxigênio); bitola 0,30mm², Ø 6.0mm; Acondicionado em embalagem lacrada. Plugues inclusos. | C10: Und. | D10: 366434 | E10: - | F10: 42 | G10: 44 | H10: 0 | I10: =SUM(F10:H10) -> 86 | J10: 74.12 | K10: =I10*J10 -> 6374.32 | L10: SIM | M10: Aberto | N10: =VLOOKUP(J10,Intervalos!$B$3:$C$8,2,TRUE) -> 0.1
A11: 6 | B11: Caixa acústica - Potência 80 W Rms - Estrutura de madeira , sistema de som de 2 vias; Sistema com projeto profissional; Caixas de som com tweeter e woofer; Controle remoto sem fio; Amplificador: Potência de saída: 80 Watts RMS; Distribuição de energia: 40 watts x 2; Distorção harmônica: <0.3% 1kHz 1W; Resposta de freqüência: 55Hz - 20kHz; Sinal / ruído de resposta:> 85dB; Separação:> 55dB; Sensibilidade de entrada: 440mV; Impedância nominal: 4 ohms; Alto-falantes: Tweeter de 1"" - Potência nominal do Tweeterl: 10 Watt 6 ohm; Baixo de 5.25""; Potência nominal do baixo: 25 Watt 4 ohm; Faixa de freqüência: 55Hz - 20kHz; Interfaces: Saída: Terminais; Entrada: 2RCA; Aux de entrada: 2RCA; Cabo de interconexão; Cabo 2RCA. Controle Remoto sem Fio. Manual em Português. Garantia mínima de 12 meses. | C11: Und. | D11: 618781 | E11: CTF/APP: FTE - Categoria: Indústria de Material Elétrico, Eletrônico e Comunicações; Código: 5. | F11: 50 | G11: 10 | H11: 0 | I11: =SUM(F11:H11) -> 60 | J11: 1227.79 | K11: =I11*J11 -> 73667.4 | L11: SIM | M11: Aberto | N11: =VLOOKUP(J11,Intervalos!$B$3:$C$8,2,TRUE) -> 0,10%
A12: 7 | B12: Caixa Acústica com Bluetooth - Potência 400w; Caixa de som com bluetooth; com microfone; controle remoto; bateria com pelo menos 6 horas de duração; auxiliar USB-SD-Fm, 3 entradas P10 (Microfone/Instrumentos). | C12: Und. | D12: 612910 | E12: CTF/APP: FTE - Categoria: Indústria de Material Elétrico, Eletrônico e Comunicações; Código: 5. | F12: 40 | G12: 40 | H12: 0 | I12: =SUM(F12:H12) -> 80 | J12: 656.23 | K12: =I12*J12 -> 52498.4 | L12: SIM | M12: Aberto | N12: =VLOOKUP(J12,Intervalos!$B$3:$C$8,2,TRUE) -> 0,10%
A13: 8 | B13: Caixa acústica – ativa - Potência 30 W Rms: Requisitos mínimos: Alto-falantes: Woofer 6” e Tweeter 2”. - Controle de graves e Agudos; Entradas Canal 1, Auxiliar Estéreo, Canal 2 Auxiliar; Dimensões aproximadas: - 24,0 x 24,6 x 19,8 cm; frequência de 40Hz a 20Hz. Garantia mínima de 12 meses. | C13: Und. | D13: 613778 | E13: CTF/APP: FTE - Categoria: Indústria de Material Elétrico, Eletrônico e Comunicações; Código: 5. | F13: 53 | G13: 22 | H13: 0 | I13: =SUM(F13:H13) -> 75 | J13: 382.19 | K13: =I13*J13 -> 28664.25 | L13: SIM | M13: Aberto | N13: =VLOOKUP(J13,Intervalos!$B$3:$C$8,2,TRUE) -> 0,10%
A14: 9 | B14: Caixa acústica: Potência 400 W Rms: configurações mínimas - entrada microfone/guitarra (p10 ¼) ,1 entrada linha/guitarra ativa (p10 ¼); canal 2: 1 entrada auxiliar cd/dvd/mp3-4/teclado - potência 400w a 8 ohms, tamanho alto-falante 15pol.; resposta de frequência: 40 a 20Khz. | C14: Und. | D14: 464024 | E14: CTF/APP: FTE - Categoria: Indústria de Material Elétrico, Eletrônico e Comunicações; Código: 5. | F14: 8 | G14: 10 | H14: 0 | I14: =SUM(F14:H14) -> 18 | J14: 2008.8 | K14: =I14*J14 -> 36158.4 | L14: SIM | M14: Aberto | N14: =VLOOKUP(J14,Intervalos!$B$3:$C$8,2,TRUE) -> 0,10%
A15: 10 | B15: Caixa De Som Amplificada 100 W - Potência: 100W RMS com interface USB e controle remoto; Alto-falantes: 1 alto-falante de 12"" e 1 super tweeter; Potência: 100W RMS 4 Ohms | 60W RMS 8 Ohms; Resposta frequência: 40Hz ~ 17kHz; Fusível de Proteção de Energia; Cor: Preto; Entradas | Saídas: 04 Entradas P10 ; 01 Entrada estéreo Auxiliar RCA CD/DVD/MP3-4; 01 Exclusiva Conexão USB, com comandos de Play, Pause, Avanço e Retr. USB com Controle Remoto; Saídas: Saída auxiliar amplificada P10; Controle de Volume: com controle de Volume Master para todos os canais e controles de Volume Independentes; três Bandas de equalização: Grave Médio e Agudo; Informações adicionais; Interface USB: Toca MP3 e WMA; Sistema Safe Eject: Proteção para Pen Drives; Controle Remoto total; Tecnologia HPA: Áudio de Alta Performance. Manual em Português. Garantia mínima de 12 meses. | C15: Und. | D15: 613367 | E15: CTF/APP: FTE - Categoria: Indústria de Material Elétrico, Eletrônico e Comunicações; Código: 5. | F15: 55 | G15: 30 | H15: 0 | I15: =SUM(F15:H15) -> 85 | J15: 1391.45 | K15: =I15*J15 -> 118273.25 | L15: NÃO | M15: Aberto | N15: =VLOOKUP(J15,Intervalos!$B$3:$C$8,2,TRUE) -> 0,10%
A16: 11 | B16: Caixa de Som Amplificada 550 W RMS: Potência 550 Watts Rms em 4 Ohms; 2 Vias, 1 Alto Falante de 15” e 1 Driver; Impedância Nominal 8 Ohms; Resposta de Frequencia 50 Hz / 17 Khz; Pressão Sonora 1W / 1M 100 dB; Saída Auxiliar Amplificada em 8 Ohms Conector Speakon E Saída Mix Output Conector XLR Macho; Controles de Volume Master, MIC, LINE; Equalização de 3 Vias (Grave, Médio, Agudo); Entrada MIC: Sensibilidade de Entrada 3 mV; 1 Conector XLR Fêmea; Entrada LINE: Impedância de Entrada 130K; Sensibilidade de Entrada 150Mv; 1 Conector P10 1/4 e 1 Conector XLR Fêmea; Sistema de Ventilação Inteligente (ICS); Proteção Térmica (ETP); Proteção Contra Curto (SCP); Tensão 120 / 240; Cabo AC Destacável; Formato Trapezoidal com Suporte para Pedestal e Alças Laterais; Fly Inteligente 5 Pontos de Fixação e Tela de Metal; Manual em Português; Garantia mínima de 12 meses. | C16: Und. | D16: 614047 | E16: CTF/APP: FTE - Categoria: Indústria de Material Elétrico, Eletrônico e Comunicações; Código: 5. | F16: 58 | G16: 22 | H16: 0 | I16: =SUM(F16:H16) -> 80 | J16: 2003.97 | K16: =I16*J16 -> 160317.6 | L16: NÃO | M16: Aberto | N16: =VLOOKUP(J16,Intervalos!$B$3:$C$8,2,TRUE) -> 0,10%
A17: 12 | B17: Caixa de Som Portátil - Potência 16W RMS; Bateria recarregável de no mínimo 2.600 mAh: até 12 horas de reprodução contínua e tempo de recarga menor do que 4 horas; Conectividade Bluetooth (versão 4.2) e P2; Tipo de alto-falante passivo; Sensibilidade de entrada 80dB; Carcaça de borracha resistente; Dimensões aproximadas: 17.5 cm x 6.6 cm x 6.6 cm; À prova d'água para resistência a chuva ou imersões de até 1 metro; Peso máximo de 600 gramas. | C17: unidade | D17: 475609 | E17: Margem de preferência normal: 10% Margem de preferência adicional: 10% CTF/APP: FTE - Categoria: Indústria de Material Elétrico, Eletrônico e Comunicações; Código: 5. | F17: 62 | G17: 76 | H17: 0 | I17: =SUM(F17:H17) -> 138 | J17: 475 | K17: =I17*J17 -> 65550 | L17: SIM | M17: Aberto | N17: =VLOOKUP(J17,Intervalos!$B$3:$C$8,2,TRUE) -> 0,10%
... A54: 49 | B54: Pedestal de Microfone Alto - Tipo Girafa: material base sustentação ferro fundido; cor preta, tipo haste 2 estágios; altura mínima 1,00m; altura máxima: 2,10m; peso aproximado 4,5 kg, características adicionais haste com regulagem de altura e inclinação. | C54: Und. | D54: 456779 | E54: - | F54: 19 | G54: 16 | H54: 0 | I54: =SUM(F54:H54) -> 35 | J54: 336 | K54: =I54*J54 -> 11760 | L54: SIM | M54: Aberto | N54: =VLOOKUP(J54,Intervalos!$B$3:$C$8,2,TRUE) -> 0,10%
A55: 50 | B55: Projetor Laser para auditórios Projetor multimidia Laser DLP com no mínimo 4.000 Lumens e tecnologia Laser Resolução nativa WXGA (1200x800) 4.000 Lumens. Contrate 250.000:1. Aspect Ratio Nativo 16:10 Aspect Ratio compatível: 4:3 e 16:9. Correção de keystone vertical: +- 40 com correção automática. 1.073.4 milhões de cores. Taxa de varredura horizontal: 15.375 a 91.146 Khz. Taxa de varredura vertical: 50 a 86Hz (120Hz para 3D). Uniformidade de 85%. Tamanho de Projeção: de 30" a 301" diagonal. Lampada: Laser com vida útil de 30.000 horas. Throw-ratio: 1.18:1 a 1.54:1. Distancia de projeção: 39.37" a 303.15". Zoom: 1.3. Distancia focal: 16.901mm a 21.6076mm / 0.665" a 0.851". Conexões de entrada: 1x HDMI 2.0, 1x HDMI 1.4a / 3D, 1x VGA (YPbPr/RGB), 1x Audio 3.5mm. Conexões de saída: 1x Audio 3.5mm, 1x USB-A com power 1.5A. Conexões de controle: 1x RS232, 1x RJ45, 1x micro USB. Compatibilidade com PC: UHD, FHD, UXGA, SXGA, WXGA, HD, XGA, SVGA, VGA, Mac. Compatibilidade 2D: NTSC M/J, 3.58MHz, 4.43MHz PAL B/D/G/H/I/M/N, 4,43MHz SECAM B/D/G/K/K1/L, 4.25/4.4MHz 480i/p, 576i/p, 720p(50/60Hz), 1080i(50/60Hz), 1080p(50/60Hz). Compatilidade 3D: Side-by-Side:1080i50 / 60, 720p50 / 60 Frame-pack: 1080p24, 720p50 / 60 Over-Under: 1080p24, 720p50 / 60. Funcionalidade de Segurança: Barra de Segurança, Kensington Lock e Interface protegida por senha Idiomas OSB e display: Português, Operação 24x7. Controle remoto com laser e função mouse, Auto-falante: 1, Watts por autofalante: 10W. Controle por LAN: Sim. Fonte de alimentação: 100V a 240V, 50 a 60Hz. Garantia mínima de 12 meses do fabricante. Não serão aceitos projetores descontinuados pelo fabricante ou sem assistência técnica oficial, reconhecida pelo fabricante por meio de documentos e disponível em seu website, em território nacional. Modelo de referência: Optoma ZW400 | C55: unidade | D55: 217451 | E55: CTF/APP: FTE - Categoria: Indústria de Material Elétrico, Eletrônico e Comunicações; Código: 5. | F55: =88-50 -> 38 | G55: 10 | H55: 0 | I55: =SUM(F55:H55) -> 48 | J55: 13617.58 | K55: =I55*J55 -> 653643.84 | L55: NÃO | M55: Aberto | N55: =VLOOKUP(J55,Intervalos!$B$3:$C$8,2,TRUE) -> 0,10%
A56: 51 | B56: Projetor para sala de aula e reunião. Projetor Multimídia de no mínimo 3400 lumens ISO. Tecnologia DLP ou 3LCD; Razão de aspecto: 4:3. Resolução nativa XGA(1024x768), Resolução suportada: 1280 x 800 (WXGA), 1280 x 960 (SXGA2), 1280 x 1024 (SXGA3) 1366 x 768 (WXGA60-3), 1400 x 1050 (SXGA+), 1440 x 900 (WXGA+). Correção do trapézio (keystone): 1d, vertical ± 30°, horizontal ± 30° . Frequencia horizontal: 15KHz-100KHz. Frequencia vertical: 23Hz-120KHz. Contraste mínimo: 15000 : 1. Distancia focal: 16,9 mm - 20,28 mm. Razão de zoom: 1 - 1,1. Tamanho da tela: mínimo de 30" a 300". Display com possibilidades de 1,07 bilhão de cores . Possibilidade de pré ajustes de imagens. Menu multilinguagem com opção português. Interfaces mínimas: 1x D- sub entrada com 15pin, 1x D-sub saída com 15pin, 1x HDMI V1.3 ou superior, 1x Vídeo Composto (RCA), 1x Áudio In, 1x Áudio Out, 1x Altavoz 2W, 1x USB, 1x RS232 (DB-9pin). Compatibilidade hdtv 480i, 480p, 576i, 576p, 720p, 1080i, 1080p, NTSC/NTSC4.43/PAL/M-PAL/N-PAL/PAL60/SECAM . Funções suportadas: esfriamento rápido, busca automática de sinal, tela em branco, bloqueio de teclas, auto desligar, password para segurança, modo altitudes elevadas, congelamento, desejável templates predeterminados para professores. Formas de projeção: Frontal/Teto/Retroprojeção/Com montagem no teto. Controle remoto com baterias, cabo de força, cabo vga (d-sub 15pin), Manual em Português, guia de início rápido, cerificado de garantia inclusos. BIVOLT (110~240v): Garantia mínima de 12 meses do fabricante. Não será aceito projetores descontinuados pelo fabricante ou sem assistencia técnica no território nacional. Modelos de Referencia: Epson PowerLite E20 e BENQ MX560. | C56: unidade | D56: 217451 | E56: CTF/APP: FTE - Categoria: Indústria de Material Elétrico, Eletrônico e Comunicações; Código: 5. | F56: =319-50 -> 269 | G56: 62 | H56: 0 | I56: =SUM(F56:H56) -> 331 | J56: 4541.03 | K56: =I56*J56 -> 1503080.9 | L56: NÃO | M56: Aberto | N56: =VLOOKUP(J56,Intervalos!$B$3:$C$8,2,TRUE) -> 0,10%
A57: 52 | B57: Projetor para sala de aula pequena e reunião. Projetor Multimídia de no mínimo 3600 lumens; Tecnologia DLP ou 3LCD; Razaõ de aspecto: 4:3. Resolução nativa VGA(800 x 600). Resolução suportada: 1280 x 800 (WXGA), 1280 x 960 (SXGA2), 1280 x 1024 (SXGA3) 1366 x 768 (WXGA60-3), 1400 x 1050 (SXGA+), 1440 x 900 (WXGA+). Correção do trapézio (keystone): 1d, vertical ± 30°, horizontal ± 30° . Contraste mínimo: 20,000:1. Lente: f/2.56 - 2.68. Distancia focal: 22 mm - 24,18 mm; Razão de zoom: 1 - 1,1 ; Tamanho da tela: mínimo de 30" a 300"; Display com possibilidades de 1,07 bilhão de cores; Frequencia horizontal: 15KHz-100KHz; Frequencia vertical: 24Hz-120KHz . Possibilidade de pré ajustes de imagens. Menu multilinguagem com opção português. Interfaces mínimas: 1x D- sub entrada com 15pin (Compartilhada com Video por Componentes), 1x D-sub saída com 15pin, 1x HDMI V1.3 ou superior, 1x Vídeo Composto (RCA), 1x Áudio In, 1x Áudio Out, 1x USB, 1x RS232 (DB-9pin). Compatibilidade EDTV, HDTV, NTSC, PAL, SDTV, SECAM . Funções suportadas: esfriamento rápido, busca automática de sinal, tela em branco, bloqueio de teclas, auto desligar, password para segurança, modo altitudes elevadas, congelamento, desejável templates predeterminados para professores . Formas de projeção: Frontal/Teto/Retroprojeção/Com montagem no teto. Controle remoto com baterias, cabo de força, cabo vga (d-sub 15pin), Manual em Português, guia de início rápido, certificado de garantia inclusos. BIVOLT (110~240v): Garantia mínima de 12 meses do fabricante. Não serão aceitos projetores descontinuados pelo fabricante ou sem assistência técnica oficial, reconhecida pelo fabricante por meio de documentos e disponível em seu website, em território nacional. Modelos de Referencia: ACER X1123HP e BENQ MS550. | C57: unidade | D57: 217451 | E57: CTF/APP: FTE - Categoria: Indústria de Material Elétrico, Eletrônico e Comunicações; Código: 5. | F57: =130-50 -> 80 | G57: 12 | H57: 0 | I57: =SUM(F57:H57) -> 92 | J57: 2645.58 | K57: =I57*J57 -> 243393.36 | L57: NÃO | M57: Aberto | N57: =VLOOKUP(J57,Intervalos!$B$3:$C$8,2,TRUE) -> 0,10%
A58: 53 | B58: Projetor para sala média Projetor Multimídia de no mínimo 3800 lumens. Tecnologia DLP ou 3LCD; Resolução nativa WXGA(1280x800), Resolução suportada: 640 x 480 (VGA), 800 x 600 (SVGA), 1280 x 960 (SXGA2), 1280 x 1024 (SXGA3), 1366 x 768 (WXGA60-3), 1400 x 1050 (SXGA+), 1440 x 900 (WXGA+), 1680 x 900 (WXGA++), 1600 x 1200 (UXGA60), suporte resolução pc: 120 hz quadros para resoluções até wxga, Correção do trapézio (keystone): 1d, vertical ± 30°, horizontal ± 30° .Frequência horizontal: 31 k ~ 99 khz, frequência vertical: 48~120 hz, Compensação projetada: Contraste mínimo: 16000 : 1. Distancia focal: 16,9 mm - 20,28 mm . Razão de zoom: 1 - 1,2. Tamanho da tela: mínimo de 33" a 320" (0,91 m - 10,89 m). Display com possibilidades de 1 bilhão de cores. Possibilidade de pré ajustes de imagens. Menu multilinguagem com opção português. Interfaces mínimas: 1x D- sub entrada com 15pin (Compartilhada com Video por Componentes), 1x D-sub saída com 15pin, 1x HDMI V1.3 ou superior, 1x Vídeo Composto (RCA), 1x Áudio In, 1x Áudio Out, 1x Altavoz 2W, 1x USB, 1x RS232 (DB-9pin). Interface de Rede 1x LAN. Compatibilidade hdtv 480i, 480p, 576i, 576p, 720p, 1080i, 1080p, compatibilidade de vídeo ntsc, pal, secam. Funções suportadas: esfriamento rápido, busca automática de sinal, pjlink compatível, tela em branco, bloqueio de teclas, auto desligar, password para segurança, modo altitudes elevadas, congelamento, desejável templates predeterminados para professores. Formas de projeção: Frontal/Teto/Retroprojeção/Com montagem no teto. Controle remoto com baterias, cabo de força, cabo vga (d-sub 15pin), Manual em Português, guia de início rápido, cerificado de garantia inclusos. BIVOLT (110~240v): Garantia mínima de 12 meses do fabricante. Não serão aceitos projetores descontinuados pelo fabricante ou sem assistência técnica oficial, reconhecida pelo fabricante por meio de documentos e disponível em seu website, em território nacional. Modelos de Referencia: Epson PowerLite W49_x000D_ | C58: unidade | D58: 217451 | E58: CTF/APP: FTE - Categoria: Indústria de Material Elétrico, Eletrônico e Comunicações; Código: 5. | F58: =192-50 -> 142 | G58: 71 | H58: 0 | I58: =SUM(F58:H58) -> 213 | J58: 5663.03 | K58: =I58*J58 -> 1206225.4 | L58: NÃO | M58: Aberto | N58: =VLOOKUP(J58,Intervalos!$B$3:$C$8,2,TRUE) -> 0,10%
A59: 54 | B59: Suporte veicular universal, compatível para aparelhos smartphones de até 8cm de largura, presilha para fixação, posições vertical e horizontal, fixação na saída do ar condicionado. Adicionais Mola de pressão interna, ajustável ao aparelho, abertura minima de de 55mm. _x000D_ Suporte veicular. Características presilha para fixação, posições vertical e horizontal, fixação na saída do ar condicionado._x000D_ Modelo de referencia: Altomex C-091 | C59: unidade | D59: 475693 | E59: - | F59: 78 | G59: 0 | H59: 0 | I59: =SUM(F59:H59) -> 78 | J59: 14.03 | K59: =I59*J59 -> 1094.34 | L59: SIM | M59: Aberto | N59: =VLOOKUP(J59,Intervalos!$B$3:$C$8,2,TRUE) -> 0.03
A60: 55 | B60: Suporte veicular universal, trava automática, anti queda, base ventosa de silicone aderente. Adicionais compatível com aparelhos Iphone/Smartphone/GPS de até 6.5 polegadas._x000D_ Características base ventosa de silicone aderente. | C60: unidade | D60: 475693 | E60: - | F60: 44 | G60: 0 | H60: 0 | I60: =SUM(F60:H60) -> 44 | J60: 40.33 | K60: =I60*J60 -> 1774.52 | L60: SIM | M60: Aberto | N60: =VLOOKUP(J60,Intervalos!$B$3:$C$8,2,TRUE) -> 0.05
A61: 56 | B61: TELA DE PROJEÇÃO RETRÁTIL 1,80 x 1,80m: Tela em plástico vinil com enrolamento automático por sistema de mola, com parada multiponto; Gabinete em alumínio com pintura epóxi de alta resistência; Possibilidade de ser fixada na parede ou no teto; Acompanham: Estojo metálico em alumínio, aço carbono, ou material similar ou superior; Garantia mínima de 12 meses. | C61: unidade | D61: 380664 | E61: - | F61: 58 | G61: 66 | H61: 0 | I61: =SUM(F61:H61) -> 124 | J61: 510.23 | K61: =I61*J61 -> 63268.52 | L61: SIM | M61: Aberto | N61: =VLOOKUP(J61,Intervalos!$B$3:$C$8,2,TRUE) -> 0,10%
A62: 57 | B62: TELA DE PROJEÇÃO RETRÁTIL 2,00 x 2,00m: Tela em plástico vinil com enrolamento automático por sistema de mola, com parada multiponto; Gabinete em alumínio com pintura epóxi de alta resistência; Possibilidade de ser fixada na parede ou no teto; Acompanham: Estojo metálico em alumínio, aço carbono, ou material similar ou superior; Garantia mínima de 12 meses. | C62: unidade | D62: 367709 | E62: - | F62: 142 | G62: 137 | H62: 0 | I62: =SUM(F62:H62) -> 279 | J62: 526.89 | K62: =I62*J62 -> 147002.31 | L62: NÃO | M62: Aberto | N62: =VLOOKUP(J62,Intervalos!$B$3:$C$8,2,TRUE) -> 0,10%
A63: 58 | B63: Teleprompter - com área visível de 19 polegadas com monitor, em espelho cristal para câmeras de alta definição (espessura 2 mm), com reflexão adequada e específica para vídeo; compatibilidade com monitores de 15,6”, 18,5” e 20” e tablet. Base em alumínio. Acompanha monitor VGA e Cabo AC/VGA. | C63: Und. | D63: 453649 | E63: Margem de preferência normal: 10% Margem de preferência adicional: 10% CTF/APP: FTE - Categoria: Indústria de Material Elétrico, Eletrônico e Comunicações; Código: 5. | F63: 4 | G63: 2 | H63: 0 | I63: =SUM(F63:H63) -> 6 | J63: 3846.36 | K63: =I63*J63 -> 23078.16 | L63: SIM | M63: Aberto | N63: =VLOOKUP(J63,Intervalos!$B$3:$C$8,2,TRUE) -> 0,10%
A64: 59 | B64: Tripé amador em alumínio anodizado com 3 secções; para cãmeras DSLR e celulares; elevador central; pernas com ajuste de altura; ajuste individual de ângulo; bolhas de nível; encaixe universal com engate rápido; Altura Mínima: 55cm, Altura Máxima: 1,38m; | C64: Und. | D64: 482130 | E64: - | F64: 2 | G64: 10 | H64: 0 | I64: =SUM(F64:H64) -> 12 | J64: 253.78 | K64: =I64*J64 -> 3045.36 | L64: SIM | M64: Aberto | N64: =VLOOKUP(J64,Intervalos!$B$3:$C$8,2,TRUE) -> 0,10%
A65: 60 | B65: Tripé fotográfico para câmera profissional com suporte para celular. Ajuste de altura com altura mínima de 61cm e altura máxima de 1,8m. Possibilitar rotacionar a câmera em 360º. Possuir níveis para fazer ajustes finos nos mais diversos ângulos. Pernas em alumínio de 25x19cm. Travas no ajuste de altura. Pés antiderrapantes. Pés emborrachados. Braço para rotação da câmera na base da câmera. Bolsa para transporte. Acompanha Haste central. Cor Preto. | C65: unidade | D65: 465786 | E65: - | F65: 9 | G65: 17 | H65: 0 | I65: =SUM(F65:H65) -> 26 | J65: 278.93 | K65: =I65*J65 -> 7252.18 | L65: SIM | M65: Aberto | N65: =VLOOKUP(J65,Intervalos!$B$3:$C$8,2,TRUE) -> 0,10%
A66: 61 | B66: Tripé Profissional com altura minima 53 cm e altura maxima 1,44 metros. Altura maxima com a cabeça elevada (total) 1,74 metros. Diametro total de uma perna a outra aberta, em posição de uso na altura minima: 40cm. Diametro total de uma perna a outra aberta em posição de uso na altura maxima: 1,16 metros. Peso do tripé: 2,3 Kilos. Peso suportado pelo tripe: 18 kilos. Twist Lock c/ estrias emborrachadas. Gancho p/ engatar contrapeso. 3 ângulos de abertura das pernas. Prato superior com parafuso reversível de duas pontas 1/4 e 3/8. Manoplas c/ espuma macia e aderente. 180º de movimentação das pernas. Unha de gato retrátil. Coluna reversível e destacável. Tubos de alumínio trifilados. Perna destacável que virá monopé. Garantia de 1 ano. Soft case. | C66: unidade | D66: 482130 | E66: - | F66: 25 | G66: 6 | H66: 0 | I66: =SUM(F66:H66) -> 31 | J66: 1739.42 | K66: =I66*J66 -> 53922.02 | L66: SIM | M66: Aberto | N66: =VLOOKUP(J66,Intervalos!$B$3:$C$8,2,TRUE) -> 0,10%
A67: 62 | B67: Tripé profissional em alumínio com 3 secções; elevador central; pernas com ajuste de altura; ajuste individual de ângulo; bolhas de nível; encaixe da cebeça multi tamanho (para câmeras de fotografia e de vídeo/cinema); Altura Mínima: 80cm, Altura Máxima: 163cm; com bolsa para transporte. | C67: Und. | D67: 615904 | E67: - | F67: 47 | G67: 5 | H67: 0 | I67: =SUM(F67:H67) -> 52 | J67: 521.18 | K67: =I67*J67 -> 27101.36 | L67: SIM | M67: Aberto | N67: =VLOOKUP(J67,Intervalos!$B$3:$C$8,2,TRUE) -> 0,10%
A68: 63 | B68: TV SMART LED 32" BIVOLT: Timer On/Off; Sleeptimer; Conversor Digital Integrado; Som Estéreo; Closed Caption; Recursos de Áudio; Wi-Fi; Mínimo de 2 conexões HDMI; Mínimo de 1 conexão USB; com controle remoto, pilhas para o controle, cabos para instalação e kit para instalação do pedestal. Bivolt. Manual em Português. Garantia mínima do Fornecedor de 12 meses. Requisitos de Avaliação da Conformidade (RAC) conforme Portaria INMETRO n.º 377 de 14/09/2021. | C68: Und. | D68: 443966 | E68: CTF/APP: FTE - Categoria: Indústria de Material Elétrico, Eletrônico e Comunicações; Código: 5. | F68: =113-30 -> 83 | G68: 7 | H68: 0 | I68: =SUM(F68:H68) -> 90 | J68: 1250.67 | K68: =I68*J68 -> 112560.3 | L68: NÃO | M68: Aberto | N68: =VLOOKUP(J68,Intervalos!$B$3:$C$8,2,TRUE) -> 0,10%
A69: 64 | B69: TV SMART LED 43" 4K BIVOLT: Timer On/Off; Sleeptimer; Conversor Digital Integrado; Som Estéreo; Closed Caption; Recursos de Áudio; Wi-Fi; Mínimo de 2 conexões HDMI; Mínimo de 2 conexões USB; com controle remoto, pilhas para o controle, cabos para instalação e kit para instalação do pedestal. Bivolt. Manual em Português. Garantia mínima do Fornecedor de 12 meses. Requisitos de Avaliação da Conformidade (RAC) conforme Portaria INMETRO n.º 377 de 14/09/2021. | C69: unidade | D69: 479242 | E69: CTF/APP: FTE - Categoria: Indústria de Material Elétrico, Eletrônico e Comunicações; Código: 5. | F69: =118-50 -> 68 | G69: 30 | H69: 0 | I69: =SUM(F69:H69) -> 98 | J69: 2179 | K69: =I69*J69 -> 213542 | L69: NÃO | M69: Aberto | N69: =VLOOKUP(J69,Intervalos!$B$3:$C$8,2,TRUE) -> 0,10%
A70: 65 | B70: TV SMART LED 50" 4K BIVOLT: Timer On/Off; Sleeptimer; Conversor Digital Integrado; Som Estéreo; Closed Caption; Recursos de Áudio; Wi-Fi; Mínimo de 2 conexões HDMI; Mínimo de 2 conexões USB; com controle remoto, pilhas para o controle, cabos para instalação e kit para instalação do pedestal. Bivolt. Manual em Português. Garantia mínima do Fornecedor de 12 meses. Requisitos de Avaliação da Conformidade (RAC) conforme Portaria INMETRO n.º 377 de 14/09/2021. | C70: Und. | D70: 480490 | E70: CTF/APP: FTE - Categoria: Indústria de Material Elétrico, Eletrônico e Comunicações; Código: 5. | F70: =120-50 -> 70 | G70: 39 | H70: 0 | I70: =SUM(F70:H70) -> 109 | J70: 2579 | K70: =I70*J70 -> 281111 | L70: NÃO | M70: Aberto | N70: =VLOOKUP(J70,Intervalos!$B$3:$C$8,2,TRUE) -> 0,10%
A71: 66 | B71: TV SMART LED 60" 4K BIVOLT: Timer On/Off; Sleeptimer; Conversor Digital Integrado; Som Estéreo; Closed Caption; Recursos de Áudio; Wi-Fi; Mínimo de 2 conexões HDMI; Mínimo de 2 conexões USB; com controle remoto, pilhas para o controle, cabos para instalação e kit para instalação do pedestal. Bivolt. Manual em Português. Garantia mínima do Fornecedor de 12 meses. Requisitos de Avaliação da Conformidade (RAC) conforme Portaria INMETRO n.º 377 de 14/09/2021. | C71: unidade | D71: 480903 | E71: CTF/APP: FTE - Categoria: Indústria de Material Elétrico, Eletrônico e Comunicações; Código: 5. | F71: =144-50 -> 94 | G71: 28 | H71: 0 | I71: =SUM(F71:H71) -> 122 | J71: 3205.33 | K71: =I71*J71 -> 391050.26 | L71: NÃO | M71: Aberto | N71: =VLOOKUP(J71,Intervalos!$B$3:$C$8,2,TRUE) -> 0,10%
A72: 67 | B72: TV Smart LED 85" (mínimo) 4K Bivolt: Timer On/Off; Sleeptimer; Conversor Digital Integrado; Som Estéreo; Closed Caption; Recursos de Áudio; Wi-Fi; Mínimo de 2 conexões HDMI; Mínimo de 2 conexões USB; com controle remoto, pilhas para o controle, cabos para instalação e kit para instalação do pedestal. Bivolt. Manual em Português. Garantia mínima do Fornecedor de 12 meses. Requisitos de Avaliação da Conformidade (RAC) conforme Portaria INMETRO n.º 377 de 14/09/2021. | C72: unidade | D72: 460902 | E72: CTF/APP: FTE - Categoria: Indústria de Material Elétrico, Eletrônico e Comunicações; Código: 5. | F72: =94-40 -> 54 | G72: 12 | H72: 0 | I72: =SUM(F72:H72) -> 66 | J72: 9035.99 | K72: =I72*J72 -> 596375.34 | L72: NÃO | M72: Aberto | N72: =VLOOKUP(J72,Intervalos!$B$3:$C$8,2,TRUE) -> 0,10%
A73: 68 | B73: Caixa de Som Profissional Injetada Passiva Cor: Preto Bateria recarregável: Não Sistema Bass-Reflex 2 vias Woofer de 10 polegadas Corneta com drive de titânio de 1 polegada Potência de saída: 150W RMS Impedância: 8 Ohms Alimentação: Passiva Canais de configuração: 2.1 Filtros do alto-falante: Passivo Portátil Divisor de frequência: Corte em 3,5kHz Resposta de frequência: 45Hz a 20kHz Sensibilidade: 97dB Dimensões (A x L x P) até: 500,00 x 400,00 x 350,00 mm Peso: Até 12 kg Com base Com suporte Locais de colocação: Piso, parede, poste | C73: unidade | D73: 607934 | E73: CTF/APP: FTE - Categoria: Indústria de Material Elétrico, Eletrônico e Comunicações; Código: 5. | F73: 10 | G73: 0 | H73: 0 | I73: 10 | J73: 933.33 | K73: =I73*J73 -> 9333.3 | L73: SIM | M73: Aberto | N73: =VLOOKUP(J73,Intervalos!$B$3:$C$8,2,TRUE) -> 0,10%
J74: VALOR TOTAL | K74: =SUM(K6:K73) -> 7430647

Sheet Intervalos
B2: Valor Unitário Estimado (Faixa) | C2: Diferença Mínima de Valores / Percentuais de Lances | E2: Interpretação
B3: 0.01 | C3: 0.01 | E3: R$ 0,01 - R$ 5,00 => R$ 0,01
B4: 5 | C4: 0.02 | E4: R$ 5,01 - R$ 10,00 => R$ 0,02
B5: 10 | C5: 0.03 | E5: R$ 10,01 - R$ 20,00 => R$ 0,03
B6: 20 | C6: 0.05 | E6: R$ 20,01 - R$ 50,00 => R$ 0,05
B7: 50 | C7: 0.1 | E7: R$ 50,01 - R$ 100,00 => R$ 0,10
B8: 100 | C8: 0,10% | E8: Acima de R$ 100,00 => 0,10%
